 Dungeon Crawl Stone Soup version 0.29-a0-271-gd4eb659eea (console) character file.

Game seed: 11465058465383920831

13151 serilya the Summoner (level 11, -16/94 HPs)
             Began as a Demigod Wanderer on Mar 9, 2022.
             Demolished by a cane toad (18 damage)
             ... on level 1 of the Lair of Beasts.
             The game lasted 00:25:12 (15694 turns).

serilya the Summoner (Demigod Wanderer)            Turns: 15694, Time: 00:25:13

Health: -16/94     AC: 12    Str:  9    XL:     11   Next: 44%
Magic:  19/25      EV: 15    Int: 33    God:
Gold:   189        SH:  5    Dex: 13    Spells: 12/24 levels left

rFire   . . .      SeeInvis +   a - +4 hand axe (freeze)
rCold   + . .      Faith    .   A - +0 buckler
rNeg    . . .      Spirit   .   E - +2 robe {rC+}
rPois   .          Reflect  .   J - +2 hat {Stlth+}
rElec   +          Harm     .   F - +0 cloak
rCorr   .          Rampage  .   b - +0 pair of gloves
Will    ++++.                   o - +3 pair of boots of the Hurtling Gods {rElec Will+++ Int-3 SInv}
Stlth   +++.......              (no amulet)
HPRegen 0.25/turn               i - +6 ring of intelligence
MPRegen 0.19/turn               t - +4 ring of evasion

@: no status effects
A: high MP 1, forlorn, divine attributes
a: no special abilities


You were on level 1 of the Lair of Beasts.
You visited 2 branches of the dungeon, and saw 11 of its levels.

You collected 454 gold pieces.
You spent 265 gold pieces at shops.

Inventory:

Hand Weapons
 a - a +4 hand axe of freezing (weapon)
Missiles
 f - 18 poisoned darts
Armour
 b - a +0 pair of gloves (worn)
 o - the +3 pair of boots of the Hurtling Gods (worn) {rElec Will+++ Int-3 SInv}
   (You found it on level 3 of the Dungeon)

   Int:       It affects your intelligence (-3).
   rElec:     It insulates you from electricity.
   SInv:      It lets you see invisible.
   Will:      It greatly increases your willpower.
 A - a +0 buckler (worn)
 E - a +2 robe of cold resistance (worn)
 F - a +0 cloak (worn)
 J - a +2 hat of stealth (worn)
 N - +0 acid dragon scales
Jewellery
 i - a +6 ring of intelligence (left hand)
 m - a ring of resist corrosion
 t - a +4 ring of evasion (right hand)
 L - a ring of magical power
 M - a +4 ring of evasion
 P - a ring of ice
Scrolls
 d - a scroll of enchant armour {unknown}
 l - 4 scrolls of noise {unknown}
 n - 8 scrolls of magic mapping
 p - 4 scrolls of blinking {unknown}
 q - 5 scrolls of teleportation
 r - 6 scrolls of fog
 x - 3 scrolls of immolation {unknown}
 y - 2 scrolls of summoning {unknown}
 B - a scroll of fear
 D - a scroll of amnesia
 G - a scroll of torment {unknown}
 H - a scroll of enchant weapon
 K - 5 scrolls of identify
Potions
 c - 5 potions of heal wounds
 e - 3 potions of haste
 g - 4 potions of mutation
 h - 3 potions of magic
 j - 8 potions of ambrosia
 k - 2 potions of berserk rage
 u - a potion of invisibility
 v - 4 potions of flight
 w - a potion of cancellation
 z - 2 potions of curing
 C - 2 potions of might
 I - a potion of lignification {unknown}
 O - 2 potions of degeneration {unknown}
Miscellaneous
 s - a piece from Xom's chessboard (14/15)


   Skills:
 - Level 8.0 Fighting
 - Level 1.7 Short Blades
 - Level 1.0 Dodging
 - Level 1.7 Stealth
 - Level 4.0 Shields
 - Level 7.0 Spellcasting
 + Level 13.2 Summonings


You had 12 spell levels left.
You knew the following spells:

 Your Spells              Type           Power      Damage    Failure   Level
a - Summon Hydra          Summ           39%        N/A       19%         7
b - Call Imp              Summ           78%        N/A       1%          2
c - Call Canine Familiar  Summ           78%        N/A       1%          3

Your spell library contained the following spells:

 Spells                   Type           Power      Damage    Failure   Level
 Summon Small Mammal      Summ           100%       N/A       1%          1
 Sublimation of Blood     Necr           11%        N/A       8%          2
 Wereblood                Tmut           11%        N/A       8%          2


Dungeon Overview and Level Annotations

Branches:
Dungeon (10/15)            Temple (0/1) D:5            Lair (1/6) D:10
    Orc: D:9-12

Shops:
D:3 [   D:9 **

Portals:
Trove: D:10 (give +2 fire dragon scales)

Annotations:
D:10 Nergalle


Innate Abilities, Weirdness & Mutations

You have an increased reservoir of magic. (+10% MP)
You shall have no god before yourself.
Your divine heritage dramatically boosts your attributes as you level up.


Message History

You barely miss the cane toad.
Your warg closely misses the cane toad.
Your crimson imp hits the cane toad but does no damage.
The cane toad stings you!
* * * LOW HITPOINT WARNING * * *
You are poisoned.
The cane toad poisons you!
Your warg closely misses the cane toad.
Your crimson imp hits the cane toad but does no damage.
The cane toad attacks as you move away! The cane toad stings you!
* * * LOW HITPOINT WARNING * * *
x2 You feel very sick.
The cane toad barely misses your crimson imp.
Your warg bites the cane toad.
Your crimson imp hits the cane toad.
The cane toad stings your crimson imp!
You feel better.
Your warg bites the cane toad but does no damage.
The cane toad stings your crimson imp!!
Your crimson imp dies!
Your crimson imp disappears in a puff of smoke!
Your warg bites the cane toad.
Casting: Call Imp (safe; 1% risk of failure)
Confirm with . or Enter, or press ? or * to list all spells.
A beastly little devil appears in a puff of flame.
The cane toad stings your crimson imp.
Your warg bites the cane toad.
Casting: Call Imp (safe; 1% risk of failure)
Confirm with . or Enter, or press ? or * to list all spells.
A beastly little devil appears in a puff of flame.
Your crimson imp says, "I'm here!"
Your crimson imp disappears in a puff of smoke!
Your warg barely misses the cane toad.
You closely miss the cane toad.
The cane toad is moderately wounded.
Your warg barely misses the cane toad.
The cane toad stings you!
* * * LOW HITPOINT WARNING * * *
Your warg bites the cane toad but does no damage.
Your crimson imp hits the cane toad.
The cane toad stings you but does no damage.
You hit the cane toad but do no damage.
The cane toad is heavily wounded.
Your warg bites the cane toad.
The cane toad stings you!!
You die...

.F ...>. . #. ⌠.. ..#.. ...
# .....#... .#. .
h...#.###.... # .........# #
# #.....#### ##
..##.######†+#.#.h# ##.
........@.....###.# #.≈
..........Fh....# #.#####.≈
#..######5..#.P.# #..#.##.≈
##..# #####.#.###.h.hh..≈
#P..##########....######...≈
...#.......5....###P###.#..
#...##.#####..............
#.#.#.###.#.#..#.####.##..
#..........###..### ####.#


You could see a cane toad (ally target), a friendly warg (summoned) and a
friendly crimson imp (summoned).

Vanquished Creatures
  Fannar (D:10)
  2 blink frogs (D:10)
  2 yaks (D:10)
  A wyvern (D:9)
  A steam dragon (D:7)
  An acid dragon (D:10)
  2 ice beasts (D:7)
  An orc warrior (D:8)
  4 wolves
  2 centaurs
  A kobold brigand (D:7)
  A scorpion (D:4)
  2 necrophages (D:7)
  2 wights (D:9)
  9 killer bees
  3 howler monkeys
  A jelly (D:8)
  3 electric eels
  2 orc priests
  2 iguanas
  2 gnolls (D:10)
  An adder (D:3)
  A worm (D:3)
  A dart slug (D:3)
  4 orcs
  7 ball pythons
  5 endoplasms
  2 giant cockroaches
  6 goblins
  3 hobgoblins
  4 jackals
  9 kobolds
  3 bats
  2 rats (D:1)
93 creatures vanquished.

Vanquished Creatures (collateral kills)
  Gastronok (D:9)
  A two-headed ogre (D:8)
  Joseph (D:10)
  A guardian serpent (shapeshifter) (D:8)
  A black mamba (Lair:1)
  A cane toad (Lair:1)
  A komodo dragon (Lair:1)
  A queen bee (D:9)
  A hornet (D:8)
  Grinder (D:6)
  2 blink frogs
  2 wyverns
  3 yaks (D:10)
  Grum (D:8)
  2 orc warriors
  2 sky beasts
  5 wolves
  5 centaurs
  An ogre (D:5)
  A kobold brigand (D:9)
  A necrophage (D:4)
  2 bullfrogs
  3 scorpions
  2 gnoll sergeants
  15 wights
  29 killer bees
  8 electric eels
  3 howler monkeys
  2 hounds (D:5)
  3 orc priests
  2 iguanas (D:6)
  2 orc wizards (D:8)
  2 gnolls (D:10)
  4 adders
  A shadow imp (D:5)
  2 white imps
  A worm (D:2)
  3 dart slugs
  15 orcs
  A bat (D:3)
  3 endoplasms (D:1)
  A giant cockroach (D:1)
  4 goblins
  A hobgoblin (D:2)
  4 jackals
  4 ball pythons
  9 kobolds
  4 rats
  2 butterflies (D:3)
167 creatures vanquished.

Vanquished Creatures (others)
  A killer bee (D:8)
  An orc (D:8)
  2 fungi (Lair:1)
  25 plants
29 creatures vanquished.

Grand Total: 289 creatures vanquished

Notes
Turn   | Place    | Note
-------+----------+-------------------------------------------
     0 | D:1      | serilya the Demigod Wanderer began the quest for the Orb.
     0 | D:1      | serilya set off with the following items: a +0 short sword,
                  | a +0 pair of gloves, a potion of heal wounds, a +0 robe;
                  | and the following spell memorised: Summon Small Mammal; and
                  | the following spells available to memorise: Call Imp, Call
                  | Canine Familiar
     0 | D:1      | Reached XP level 1. HP: 14/14 MP: 5/5
   606 | D:1      | Reached skill level 3 in Summonings
   827 | D:1      | Reached XP level 2. HP: 20/20 MP: 7/7
   862 | D:1      | Learned a level 2 spell: Call Imp
  1298 | D:1      | Found Niash's Magic Scroll Shop.
  1301 | D:1      | Bought a scroll of identify for 20 gold pieces
  1751 | D:2      | Reached XP level 3. HP: 21/26 MP: 8/8
  2221 | D:2      | Reached skill level 4 in Summonings
  2225 | D:2      | Learned a level 3 spell: Call Canine Familiar
  2719 | D:3      | Identified the +3 pair of boots of the Hurtling Gods {rElec
                  | Will+++ Int-3 SInv}
  3020 | D:3      | Found Husy's Armour Emporium.
  3623 | D:3      | Reached XP level 4. HP: 12/33 MP: 6/9
  4068 | D:4      | Reached skill level 5 in Summonings
  4068 | D:4      | Reached XP level 5. HP: 33/38 MP: 4/10
  4314 | D:4      | Reached skill level 6 in Summonings
  4657 | D:5      | Entered Level 5 of the Dungeon
  4660 | D:5      | Found a staircase to the Ecumenical Temple.
  4696 | D:5      | Reached XP level 6. HP: 37/45 MP: 5/11
  4756 | D:5      | Reached skill level 7 in Summonings
  5588 | D:6      | Reached XP level 7. HP: 50/50 MP: 13/13
  6167 | D:6      | Reached skill level 1 in Shields
  6373 | D:6      | Noticed Grinder
  6384 | D:6      | Killed Grinder
  6385 | D:6      | Reached skill level 8 in Summonings
  6797 | D:7      | Reached XP level 8. HP: 48/57 MP: 10/17
  7455 | D:7      | Reached skill level 5 in Spellcasting
  9074 | D:8      | Noticed a hornet
  9079 | D:8      | Reached XP level 9. HP: 63/63 MP: 20/23
  9092 | D:8      | Reached skill level 1 in Fighting
  9800 | D:8      | Reached skill level 9 in Summonings
  9961 | D:8      | Noticed a guardian serpent
  9969 | D:8      | Killed a guardian serpent
 10259 | D:8      | Noticed a two-headed ogre
 10275 | D:8      | Killed a two-headed ogre
 10276 | D:8      | Reached skill level 5 in Fighting
 10407 | D:8      | Reached XP level 10. HP: 77/81 MP: 24/24
 10522 | D:8      | Noticed Grum
 10533 | D:8      | Killed Grum
 10934 | D:1      | Bought a scroll of fear for 35 gold pieces
 10934 | D:1      | Bought a scroll of amnesia for 35 gold pieces
 10934 | D:1      | Bought a scroll of teleportation for 30 gold pieces
 10934 | D:1      | Bought a scroll of fear for 35 gold pieces
 10934 | D:1      | Bought a scroll of magic mapping for 35 gold pieces
 10934 | D:1      | Bought a scroll of enchant weapon for 75 gold pieces
 11172 | D:9      | Reached skill level 10 in Summonings
 11396 | D:9      | Found Luph's Elemental Accessories.
 11473 | D:9      | Noticed Gastronok
 11520 | D:9      | Killed Gastronok
 12523 | D:9      | Found Sibed's Assorted Antiques.
 12651 | D:9      | Reached skill level 11 in Summonings
 12766 | D:9      | Learned a level 7 spell: Summon Hydra
 13300 | D:10     | Entered Level 10 of the Dungeon
 13560 | D:10     | Reached XP level 11. HP: 82/94 MP: 19/25
 13739 | D:10     | Noticed Fannar
 13886 | D:10     | Noticed Nergalle
 13919 | D:10     | Noticed Joseph
 13929 | D:10     | Killed Joseph
 13930 | D:10     | Reached skill level 12 in Summonings
 14202 | D:10     | Noticed a two-headed ogre
 14497 | D:10     | Found a portal to a secret trove of treasure.
 14523 | D:10     | Found a staircase to the Lair.
 14618 | D:10     | Killed Fannar
 14996 | Lair:1   | Entered Level 1 of the Lair of Beasts
 15620 | Lair:1   | Reached skill level 13 in Summonings
 15693 | Lair:1   | HP: 2/94 [cane toad (12)]
 15694 | Lair:1   | Demolished by a cane toad

Illustrated notes

Levels and vault maps discovered:
D:1:      tarquinn_simple_flora_water_b, layout_loops_cross,
          ebering_ecumenical_altar_mist, serial_shops, nicolae_shop_behind_doors
D:2:      layout_basic
D:3:      layout_basic, xom_butterflies, cheibrodos_ashenzari_chains,
          serial_shops, nicolae_shop_waterfront, corexii_item_surrounded_by_moat
D:4:      layout_gridville, mainiacjoe_overflow_small_starburst,
          nicolae_overflow_crystal_walls, mainiacjoe_overflow_divided_tiny,
          mainiacjoe_overflow_surrounded_room, hangedman_decor_peaks_small,
          corexii_leaking_fountain
D:5:      layout_rooms, minmay_temple_entry_purple_smoke
D:6:      layout_loops_ring, lemuel_round_altar, hangedman_decor_opposing,
          kennysheep_opposing_triangles, uniq_grinder
D:7:      wad_lake_hut, layout_loops_ring, nicolae_qazlal_eye_of_the_storm,
          zin_scriptorium, nicolae_ru_sacrificial_ziggurat
D:8:      layout_basic, fiery_altar_vehumet, uniq_grum
D:9:      layout_cave_pools, nicolae_elyvilon_temple_path, special_room
          [special_room_bee], serial_shops, kennysheep_mini,
          nicolae_elemental_shop, uniq_gastronok
D:10:     layout_irregular_city, lair_entry_dummy, nicolae_trove_entry_crystal,
          uniq_joseph, uniq_nergalle, uniq_fannar
Lair:1:   layout_loops_ring, infiniplex_staircase_pool, grunt_megastairs_2

Skill      XL: |  1  2  3  4  5  6  7  8  9 10 11 |
---------------+----------------------------------+-----
Spellcasting   | 2 3 7 |  7.0
Summonings     | 3 4 5 6 7 8 9 11 13 | 13.2
Shields        | 3 4 |  4.0
Fighting       | 5 8 |  8.0
Short Blades   | |  1.7
Dodging        | |  1.0
Stealth        | |  1.7

Action                   |  1- 3 |  4- 6 |  7- 9 | 10-12 || total
-------------------------+-------+-------+-------+-------++-------
Melee: Short sword       |   152 |    84 |     8 |       ||   244
       Dagger            |       |       |   149 |    32 ||   181
       Hand axe          |       |       |       |   218 ||   218
 Cast: Summon Small Mamm |    11 |       |       |       ||    11
       Call Imp          |    20 |     7 |    11 |    39 ||    77
       Call Canine Famil |       |     7 |    36 |    41 ||    84
Evoke: Piece from Xom's  |       |       |       |     4 ||     4
  Use: Scroll            |     2 |     6 |       |     6 ||    14
       Potion            |       |       |     1 |     1 ||     2
 Stab: Sleeping          |     3 |     3 |       |     2 ||     8
       Distracted        |       |       |     4 |     4 ||     8
Armor: Robe              |    56 |    17 |    29 |   143 ||   245
Dodge: Dodged            |    94 |    51 |   127 |   366 ||   638
Block: Buckler           |       |       |    34 |   123 ||   157

Table legend: (Time is in decaauts)
 A = Elapsed time spent in this place.
 B = Non-inter-level travel time spent in this place.
 C = Inter-level travel time spent in this place.
 D = Time resting spent in this place.
 E = Time spent auto-exploring this place.
 F = Levels seen in this place.
 G = Mean time per level.
                   A        B        C        D        E       F      G
               +--------+--------+--------+--------+--------+-----+--------+
         Total |  15823 |  14513 |   1310 |   4042 |   7807 |  11 | 1438.5 |
       Dungeon |  15622 |  14313 |   1309 |   4035 |   7711 |  10 | 1562.2 |
          Lair |    201 |    201 |      0 |      7 |     96 |   1 |  201.0 |
               +--------+--------+--------+--------+--------+-----+--------+

Top non-repeatable levels by time:
     D:8: 2392 daAuts
     D:7: 2303 daAuts
    D:10: 2101 daAuts
     D:9: 1753 daAuts
     D:1: 1692 daAuts
     D:3: 1272 daAuts
     D:6: 1209 daAuts
     D:2: 1101 daAuts
     D:5: 960 daAuts
     D:4: 834 daAuts
  Lair:1: 201 daAuts
